Map: Lerilak Crest

Players

HeroMarine - Winner!

  • Race: Terran Terran

Petraeus

  • Race: Zerg Zerg
  • League: Grandmaster

Event: NationWars III

VOD

Have the link to the VOD?

Description

Time

  • Played on: Dec. 13, 2015, 12:04 p.m.
  • Length: 8:02

All games in this series

Show
View Real Time Build Order
Export as new Build Order

HeroMarine Terran - Winner!

Build Orders: Reaper Expand 

Get SALT Encoding   

  12  0:00  SCV  
  13  0:12  SCV  
  14  0:17  Supply Depot  
  14  0:25  SCV  
  15  0:38  SCV  
  15  0:40  Barracks  
  16  0:44  Refinery  
  16  0:50  SCV  
  17  1:03  SCV  
  18  1:15  SCV  
  19  1:27  Orbital Command  
  19  1:28  Reaper  
  20  1:41  Command Center  
  20  1:52  Supply Depot, SCV  
  21  2:00  Marine  
  22  2:02  Refinery  
  22  2:04  SCV  
  23  2:16  SCV  
  23  2:17  Factory  
  24  2:23  Barracks Reactor  
  24  2:29  SCV  
  25  2:41  SCV  
  26  2:53  SCV  
  26  2:54  Orbital Command  
  27  3:03  Starport  
  27  3:05  SCV  
  28  3:08  Hellion x2  
  32  3:16  Marine  
  32  3:17  SCV  
  34  3:20  SCV  
  34  3:21  Supply Depot  
  35  3:29  SCV, Widow Mine x2  
  35  3:32  SCV  
  41  3:34  Marine  
  42  3:41  SCV  
  42  3:44  Supply Depot, SCV  
  42  3:45  Medivac  
  46  3:52  Marine  
  46  3:53  SCV  
  48  3:56  SCV  
  48  4:00  Liberator  
  49  4:02  Command Center  
  49  4:04  Hellion x2  
  49  4:05  SCV  
  49  4:09  Supply Depot  
  54  4:10  Barracks Tech Lab  
  54  4:19  SCV  
  54  4:20  SCV  
  59  4:29  Stimpack, Marine  
  60  4:31  SCV  
  60  4:32  SCV, Supply Depot  
  62  4:42  Barracks  
  62  4:44  Barracks  
  60  4:47  Factory Reactor, Marine  
  60  4:48  Liberator  
  60  4:51  SCV x2  
  62  5:05  Refinery x2, Engineering Bay, Marine  
  62  5:06  Engineering Bay  
  67  5:07  SCV x2  
  68  5:15  Orbital Command  
  68  5:16  Supply Depot  
  67  5:25  SCV  
  67  5:26  SCV  
  69  5:29  Marine  
  69  5:30  Barracks x2  
  69  5:34  Marine  
  69  5:35  Factory Tech Lab  
  72  5:39  SCV x2  
  73  5:45  Terran Infantry Weapons Level 1, Terran Infantry Armor Level 1  
  73  5:46  Marine  
  73  5:47  Marine  
  73  5:49  Orbital Command  
  75  5:51  SCV x2  
  75  5:53  Supply Depot, Starport Reactor  
  77  5:58  Siege Tank  
  77  6:00  Marine  
  77  6:03  SCV x2, Marine  
  84  6:05  Marine  
  84  6:08  Marine  
  86  6:15  SCV x2  
  86  6:16  SCV  
  91  6:19  Barracks Reactor  
  91  6:20  Barracks Reactor  
  91  6:23  Supply Depot, Marine  
  90  6:27  SCV, Marine  
  90  6:28  SCV x2  
  90  6:30  Medivac  
  94  6:36  Refinery  
  94  6:38  Armory, Marine  
  94  6:39  SCV, Marine  
  97  6:40  SCV  
  97  6:41  Marine  
  97  6:42  SCV  
  97  6:46  Marine x2  
  98  6:55  Marine x2  
  98  6:56  Marine x2  
  98  6:57  SCV x2  
  98  6:59  Refinery, Marauder  
  98  7:00  Siege Tank, Medivac  
  106  7:03  Marine  
  106  7:04  Marine x3  
  110  7:11  Supply Depot  
  110  7:13  Supply Depot x2, Marine x2  
  110  7:14  Marine x2  
  114  7:20  Marauder  
  114  7:21  Marine  
  117  7:25  Supply Depot  
  117  7:31  Supply Depot  
  117  7:32  Marine x4  
  124  7:38  Marine  
  124  7:40  Marine  
  124  7:41  Marine  
  129  7:44  Marine  
Show
View Real Time Build Order
Export as new Build Order

Petraeus Zerg 

Build Orders: Hatch First 

Get SALT Encoding   

  12  0:01  Drone  
  13  0:12  Overlord  
  13  0:17  Drone  
  14  0:31  Drone x2  
  14  0:35  Drone  
  17  0:52  Hatchery  
  17  0:55  Drone  
  17  0:57  Drone  
  18  1:12  Extractor, Spawning Pool  
  18  1:15  Drone  
  18  1:18  Drone  
  18  1:28  Drone  
  19  1:39  Overlord  
  19  1:52  Drone  
  20  1:59  Queen  
  22  2:02  Zergling x2  
  22  2:04  Queen  
  22  2:05  Zergling x2  
  26  2:11  Drone  
  26  2:12  Metabolic Boost  
  27  2:15  Drone  
  28  2:26  Extractor  
  28  2:28  Drone  
  29  2:30  Drone  
  29  2:35  Spore Crawler  
  30  2:37  Drone  
  30  2:40  Queen  
  33  2:47  Overlord  
  33  2:49  Drone  
  33  2:51  Drone  
  35  2:52  Spore Crawler  
  35  2:56  Drone  
  36  3:07  Zergling x2  
  37  3:13  Drone x3  
  37  3:14  Drone  
  37  3:18  Drone, Overlord  
  42  3:20  Drone x2  
  44  3:30  Hatchery  
  44  3:31  Extractor, Queen  
  44  3:37  Overlord  
  43  3:41  Drone  
  43  3:42  Roach Warren  
  43  3:45  Zergling x4  
  43  3:46  Drone  
  46  3:49  Drone x2  
  46  3:54  Drone  
  49  4:04  Drone  
  49  4:06  Spore Crawler  
  49  4:07  Drone x2  
  49  4:08  Spore Crawler  
  49  4:13  Zergling x2  
  49  4:14  Zergling x4  
  49  4:15  Zergling x2  
  53  4:25  Roach x3  
  53  4:27  Overlord  
  59  4:51  Drone x2  
  59  4:52  Drone x3  
  63  4:53  Drone  
  63  4:54  Drone x4  
  63  4:55  Drone  
  69  5:00  Evolution Chamber, Queen  
  69  5:01  Lair  
  69  5:02  Ravager x3  
  69  5:04  Drone  
  74  5:12  Overlord  
  74  5:26  Overlord x2  
  74  5:33  Overlord  
  74  5:34  Overlord  
  74  5:35  Drone  
  74  5:36  Extractor  
  74  5:37  Zerg Missile Weapons Level 1  
  74  5:41  Evolution Chamber, Drone x2  
  74  5:44  Extractor  
  74  5:45  Drone  
  74  5:46  Hatchery, Drone x3  
  74  5:47  Drone  
  74  5:48  Drone x6  
  83  5:53  Roach  
  83  5:56  Pneumatized Carapace  
  85  6:01  Glial Reconstitution  
  85  6:04  Drone  
  86  6:05  Drone, Roach, Extractor  
  86  6:10  Overseer  
  87  6:13  Drone x3  
  87  6:17  Roach  
  87  6:18  Roach x2  
  96  6:21  Overlord  
  96  6:22  Overlord x2  
  96  6:31  Overlord x2  
  96  6:46  Roach x5  
  105  6:52  Drone  
  105  6:53  Drone x2  
  102  6:56  Roach x2  
  102  6:57  Roach x4  
  102  6:59  Roach  
  115  7:02  Drone  
  115  7:03  Overlord x2  
  115  7:05  Drone x2  
  115  7:07  Drone  
  119  7:10  Drone  
  119  7:13  Roach  
  122  7:17  Ravager x2  
  122  7:18  Ravager  
  122  7:19  Drone  
  122  7:21  Overlord  
  126  7:23  Roach  
  128  7:30  Hatchery  
  128  7:33  Roach x4  
  134  7:43  Roach  
Tags
 
Add a new tag
Caveats
  • Supply blocks, unpowered buildings, or Contaminate may cause inaccurate times.
  • Supply counts are checked every 10 seconds.